 Dungeon Crawl Stone Soup version 0.28-a0-925-gd5e1996cdb (webtiles) character file.

Game seed: 11408283815202599576

1246 mcbry74 the Ruffian (level 8, -5/78 HPs)
             Began as a Troll Chaos Knight on Nov 26, 2021.
             Was a Plaything of Xom.
             Slain by an ogre (32 damage)
             ... on level 5 of the Dungeon.
             The game lasted 00:22:11 (3730 turns).

mcbry74 the Ruffian (Troll Chaos Knight)            Turns: 3730, Time: 00:22:15

Health: -5/78      AC:  6    Str: 23    XL:     8   Next: 25%
Magic:  7/7        EV:  6    Int:  8    God:    Xom [..*...]
Gold:   153        SH: 11    Dex:  9    Spells: 7/7 levels left

rFire   + . .      SeeInvis .     - Unarmed
rCold   + . .      Faith    .   q - +0 tower shield
rNeg    . . .      Spirit   .   a - +2 robe
rPois   +          Reflect  .   (helmet restricted)
rElec   .          Harm     .   s - scarf {rC+ rF+}
rCorr   .          Rampage  .   (gloves unavailable)
Will    .....                   (boots unavailable)
Stlth   +.........              (no amulet)
HPRegen 1.03/turn               f - ring of poison resistance
MPRegen 0.10/turn               (no ring)

@: no status effects
A: large, unfitting armour, claws 3, regeneration 1, shaggy fur 1, tough skin 1
a: Renounce Religion


You were on level 5 of the Dungeon.
You worshipped Xom.
You were a toy of Xom.
You visited 1 branch of the dungeon, and saw 5 of its levels.

You collected 216 gold pieces.
You spent 63 gold pieces at shops.

Inventory:

Hand Weapons
 j - a +0 flail
 p - a +0 giant club
Missiles
 c - 53 stones
 k - 2 throwing nets
Armour
 a - a +2 robe (worn)
 n - a +0 cloak
 q - a +0 tower shield (worn)
 s - a scarf of resistance (worn)
Jewellery
 e - a ring of wizardry
 f - a ring of poison resistance (left claw)
Wands
 m - a wand of acid (8) (quivered)
Scrolls
 g - a scroll of enchant armour {unknown}
 l - a scroll of blinking {unknown}
 o - a scroll of enchant weapon {unknown}
 t - a scroll of teleportation {unknown}
 v - a scroll of noise {unknown}
 x - a scroll of amnesia {unknown}
Potions
 b - 2 potions of curing
 d - a potion of heal wounds
 h - 2 potions of might
 i - 2 potions of resistance
 r - a potion of brilliance
 u - a potion of lignification
 w - a potion of flight {unknown}


   Skills:
 + Level 4.0 Fighting
 + Level 3.7 Dodging
 + Level 2.5 Shields
 * Level 6.8 Unarmed Combat
 + Level 3.1 Evocations


You had 7 spell levels left.
You didn't know any spells.
Your spell library contained the following spells:

 Spells                   Type           Power      Damage    Failure   Level
 Slow                     Hex            0%         N/A       100%        1
 Static Discharge         Conj/Air       0%         N/A       100%        2
 Confusing Touch          Hex            0%         N/A       100%        3
 Portal Projectile        Hex/Tloc       0%         N/A       100%        3
 Blade Hands              Tmut           0%         N/A       100%        5
 Excruciating Wounds      Necr           0%         N/A       100%        5
 Lightning Bolt           Conj/Air       0%         1d11      100%        5
 Yara's Violent Unravell  Hex/Tmut       0%         3d3       100%        5
 Maxwell's Capacitive Co  Air            0%         ∞         100%        8


Dungeon Overview and Level Annotations

Branches:
Dungeon (5/15)
 Temple: D:4-7

Altars:
Ashenzari
Dithmenos
Gozag

Shops:
D:2 [

Annotations:
D:5 Prince Ribbit


Innate Abilities, Weirdness & Mutations

You are too large for most types of armour.
You have claws for hands.
Your natural rate of healing is unusually fast.
You are covered in fur. (AC +1)
You have tough skin. (AC +1)


Message History

Prince Ribbit blinks!
Something bites the plant.
Prince Ribbit blinks!
Something bites the plant.
Xom grants you insight.
You feel aware of your surroundings. You block Prince Ribbit's attack.
Prince Ribbit blinks!
You mangle Prince Ribbit!!
Prince Ribbit is heavily wounded.
Prince Ribbit hits you. Prince Ribbit hits you!
You closely miss Prince Ribbit.
Prince Ribbit is heavily wounded.
Xom smirks.
You feel aware of your surroundings. You block Prince Ribbit's attack.
Prince Ribbit hits you!
You barely miss Prince Ribbit.
Prince Ribbit is heavily wounded.
The orc hits you but does no damage. Prince Ribbit barely misses you.
You block Prince Ribbit's attack. The orc hits you with a +0 whip.
You claw Prince Ribbit!
Prince Ribbit is severely wounded.
Prince Ribbit hits you. The orc barely misses you.
You barely miss Prince Ribbit.
Prince Ribbit is severely wounded.
Prince Ribbit hits you. You block Prince Ribbit's attack.
You block the orc's attack.
You closely miss Prince Ribbit.
Prince Ribbit is severely wounded.
You block Prince Ribbit's attack. The orc hits you but does no damage.
You block Prince Ribbit's attack.
You miss Prince Ribbit.
Prince Ribbit is severely wounded.
Prince Ribbit hits you! The orc hits you with a +0 whip.
Prince Ribbit hits you. The orc hits you with a +0 whip.
You completely miss Prince Ribbit.
Prince Ribbit is severely wounded.
Xom plays with reality for a moment.
Prince Ribbit disappears!
The orc disappears!
The ogre hits you with a +0 giant club!!
You die...
Xom laughs nastily!

...+
,,,,,....≈PPP≈≈P.....o..#*
, #### ,
,,,.(.P≈P≈.≈..########.# #
* , ,,,,#P.PP#.### **..#,
**, ,, *####...# **,*.#*
*,,, * #.o.# *,* #. #+#*
#o### * , ,## #.# #o# **,*
* ##*#####.# #O# ,, .
,......## #@# **** * *,*
#* **##...### #§# *, ,,,,
,,, ## #......# #.# *, ,,,
*, * .# ##.###.####.# **
,,,,* ,* * .#### #.#
#......# ≈,≈,,,≈ *
....###.###.######
*≈≈≈≈≈≈≈*, ............#
***≈≈ ≈≈**** .############
* ≈ ≈ * , , .# **≈≈**


You could see an ogre and 3 orcs.

Vanquished Creatures
  Sigmund (D:4)
  A water moccasin (D:5)
  A sky beast (D:5)
  An ogre (D:3)
  A phantom (D:4)
  A scorpion (D:4)
  A wyvern skeleton (D:5)
  A water moccasin skeleton (D:3)
  The ghost of kae the Ruffian, a weakling DrTm (D:3)
  A centaur zombie (D:3)
  2 orc priests (D:3)
  A centaur skeleton (D:5)
  4 hounds
  A bullfrog skeleton (D:3)
  2 iguanas (D:4)
  A hound skeleton (D:5)
  A howler monkey skeleton (D:3)
  3 gnolls (D:4)
  5 adders
  2 worms
  3 dart slugs (D:1)
  10 orcs
  8 endoplasms
  5 giant cockroaches
  4 goblins
  6 hobgoblins
  12 jackals
  3 quokkas
  11 ball pythons
  5 bats
  3 frilled lizards
  3 kobolds
  7 rats
112 creatures vanquished.

Vanquished Creatures (others)
  An orc wizard (D:3)
  18 plants (D:5)
19 creatures vanquished.

Grand Total: 131 creatures vanquished

Notes
Turn   | Place    | Note
-------+----------+-------------------------------------------
     0 | D:1      | mcbry74 the Troll Chaos Knight began the quest for the Orb.
     0 | D:1      | Reached XP level 1. HP: 22/22 MP: 0/0
   128 | D:1      | Reached XP level 2. HP: 29/29 MP: 1/1
   183 | D:1      | Found a faded altar of an unknown god.
   215 | D:1      | XOM: silly message
   478 | D:1      | Reached skill level 4 in Unarmed Combat
   583 | D:2      | Found Gudghod's Armour Emporium.
   598 | D:2      | Reached XP level 3. HP: 36/36 MP: 2/2
   711 | D:2      | XOM: silly message
   752 | D:2      | XOM: 2-stop teleportation journey
  1239 | D:3      | Noticed an ogre
  1241 | D:3      | XOM: cast spell 'Leda's Liquefaction'
  1247 | D:3      | Killed an ogre
  1248 | D:3      | Reached skill level 1 in Evocations
  1248 | D:3      | Reached XP level 4. HP: 44/44 MP: 3/3
  1248 | D:3      | Reached XP level 5. HP: 52/52 MP: 4/4
  1325 | D:2      | Bought a +0 tower shield for 63 gold pieces
  1491 | D:3      | XOM: butterfly on damage
  1495 | D:3      | Reached skill level 5 in Unarmed Combat
  1588 | D:3      | Found a runed translucent gate.
  1590 | D:3      | Found a runed translucent gate.
  1591 | D:3      | Found a runed translucent gate.
  1593 | D:3      | Noticed kae's ghost (weakling DrTm)
  1613 | D:3      | Killed kae's ghost
  1631 | D:3      | XOM: swap monsters
  1638 | D:3      | Reached XP level 6. HP: 18/61 MP: 5/5
  1648 | D:3      | Reached skill level 1 in Shields
  1789 | D:3      | XOM: blink monster(s)
  1845 | D:3      | Found a shadowy altar of Dithmenos.
  1916 | D:3      | XOM: silly message
  2336 | D:4      | XOM: enchant monster (bad)
  2346 | D:4      | Reached XP level 7. HP: 56/67 MP: 6/6
  2385 | D:4      | XOM: noise
  2455 | D:4      | Found an opulent altar of Gozag.
  2836 | D:4      | XOM: cloud trail
  2910 | D:4      | Noticed Sigmund
  2959 | D:4      | XOM: cast spell 'Call Canine Familiar'
  2963 | D:4      | XOM: potion effect (curing)
  3017 | D:4      | XOM: potion effect (haste)
  3028 | D:4      | Killed Sigmund
  3029 | D:4      | Reached skill level 6 in Unarmed Combat
  3435 | D:4      | Found a broken altar of Ashenzari.
  3477 | D:5      | Entered Level 5 of the Dungeon
  3557 | D:5      | XOM: cast spell 'Alistair's Intoxication'
  3562 | D:5      | Reached XP level 8. HP: 78/78 MP: 7/7
  3598 | D:5      | XOM: summons 3 hostile shadow creatures
  3697 | D:5      | Noticed Prince Ribbit
  3717 | D:5      | XOM: divination: magic mapping
  3724 | D:5      | XOM: divination: magic mapping
  3730 | D:5      | XOM: cast spell 'Dispersal'
  3730 | D:5      | Slain by an ogre

Illustrated notes

Levels and vault maps discovered:
D:1:      wander_arrival_peaceful_grave, layout_loops_ring,
          hellmonk_ecumenical_altar_heavens_door
D:2:      minmay_wonky_spiral, layout_rooms, serial_shops,
          nicolae_shop_hallway_plus
D:3:      layout_basic, grunt_dithmenos_smoke, gammafunk_ghost_necromancy
D:4:      kb_forest_paths, layout_loops_ring, general_overflow_altar,
          mainiacjoe_overflow_chevrons, uniq_sigmund
D:5:      layout_loops_corners, minmay_temple_entry_junction, serial_bayou,
          serial_bayou_pond_b, serial_bayou_lagoon_a, serial_bayou_lagoon_b,
          serial_bayou_shore_b, uniq_duvessa, uniq_prince_ribbit1

Skill      XL: |  1  2  3  4  5  6  7  8 |
---------------+-------------------------+-----
Dodging        | 2 3 |  3.7
Unarmed Combat | 4 5 6 |  6.8
Evocations     | 1 2 3 |  3.1
Fighting       | 3 4 |  4.0
Shields        | 1 2 |  2.5

Action                   |  1- 3 |  4- 6 |  7- 9 || total
-------------------------+-------+-------+-------++-------
Melee: Unarmed           |   108 |   106 |   149 ||   363
       Punch             |     1 |       |       ||     1
Throw: Stone             |     3 |       |       ||     3
  Use: Scroll            |       |       |     3 ||     3
       Potion            |       |       |     3 ||     3
Armor: Robe              |    39 |    84 |    49 ||   172
Dodge: Dodged            |    42 |    33 |    33 ||   108
Block: Tower shield      |       |    73 |    86 ||   159

Table legend: (Time is in decaauts)
 A = Elapsed time spent in this place.
 B = Non-inter-level travel time spent in this place.
 C = Inter-level travel time spent in this place.
 D = Time resting spent in this place.
 E = Time spent auto-exploring this place.
 F = Levels seen in this place.
 G = Mean time per level.
                   A        B        C        D        E       F      G
               +--------+--------+--------+--------+--------+-----+--------+
         Total |   3794 |   3652 |    142 |    145 |   2272 |   5 |  758.8 |
       Dungeon |   3794 |   3652 |    142 |    145 |   2272 |   5 |  758.8 |
               +--------+--------+--------+--------+--------+-----+--------+

Top non-repeatable levels by time:
     D:4: 1229 daAuts
     D:3: 1112 daAuts
     D:2: 604 daAuts
     D:1: 572 daAuts
     D:5: 274 daAuts
